Cogmind - Beta 16.1 *** ADVENTURER MODE // 2026.03.18 @ 03:12:22 Player: Ms. V3-11A Result: Destroyed by DAS Turret with DAS Cannon Performance ------------- Evolutions (0) 0 Regions Visited (3) 600 Robots Destroyed (24) 120 Value Destroyed (384) 384 Prototype IDs (3) 60 Alien Tech Used (0) 0 Bonus (-275) -275 TOTAL SCORE: 889 Bonus ------- Friendly Fire -275 Cogmind --------- Core Integrity 0/250 Matter 157/300 Energy 230/250 System Corruption 1% Temperature Cool (0) Movement Treading (160) Location -10/Exiles Parts ------- > --- POWER (1) -------- Ion Engine > --- PROPULSION (2) --- Light Treads Light Treads > --- UTILITY (2) ------ Large Storage Unit Weapon Shielding > --- WEAPON (2) ------- Heavy Assault Rifle Heavy Assault Rifle > --- INVENTORY (15) --- Light Ion Engine Reinforced Fission Core Advanced Myomer Leg Huge Storage Unit Medium Matter Pod (0) Targeting Computer Experimental Targeting Computer Advanced Weapon Cycler Medium Armor Plating AS-neutralizer No. 17b Grenade Launcher Peak State ------------ > --- POWER ------------ Ion Engine > --- PROPULSION ------- Light Treads Light Treads > --- UTILITY ---------- Large Storage Unit Medium Armor Plating > --- WEAPON ----------- Heavy Assault Rifle Heavy Assault Rifle > --- INVENTORY -------- Light Ion Engine Reinforced Fission Core Light Treads Advanced Myomer Leg Huge Storage Unit Medium Matter Pod Targeting Computer Experimental Targeting Computer Advanced Weapon Cycler Weapon Shielding Medium Armor Plating AS-neutralizer No. 17b Heavy Assault Rifle Grenade Launcher [Rating: 14] Favorites ----------- Power Ion Engine Engine Ion Engine Propulsion Light Treads Treads Light Treads Leg Aluminum Leg Utility Medium Armor Plating Storage Large Storage Unit Protection Medium Armor Plating Weapon Heavy Assault Rifle Ballistic Gun Heavy Assault Rifle Launcher Grenade Launcher Build | -11 -10 -10 -10 ------- Run | Yrd Mat Min Exi Slots Evolved . | . . . . Power . | . . . . Propulsion . | . . . . Utility . | . . . . Weapon . | . . . . Parts Attached 21 | 2 9 2 8 Power 1 | . . . 1 Engine 1 | . . . 1 Core . | . . . . Reactor . | . . . . Propulsion 6 | 2 . 2 2 Treads 6 | 2 . 2 2 Leg . | . . . . Wheel . | . . . . Hover . | . . . . Flight . | . . . . Utility 9 | . 6 . 3 Device . | . . . . Storage 4 | . 4 . . Processor . | . . . . Hackware . | . . . . Protection 5 | . 2 . 3 Artifact . | . . . . Weapon 5 | . 3 . 2 Energy Gun . | . . . . Energy Cannon . | . . . . Ballistic Gun 4 | . 2 . 2 Ballistic Cannon . | . . . . Launcher 1 | . 1 . . Special Weapon . | . . . . Impact Weapon . | . . . . Slashing Weapon . | . . . . Piercing Weapon . | . . . . Special Melee Weapon . | . . . . Unidentified Prototypes . | . . . . Parts Lost 10 | . . 1 9 Power 1 | . . . 1 Propulsion 4 | . . 1 3 Utility 3 | . . . 3 Weapon 2 | . . . 2 Highest Loss Streak 5 | . . 1 5 To Critical Strikes 4 | . . . 4 Average Backups 11 | 5 9 13 12 Power . | 1 . 1 1 Propulsion 3 | 3 3 3 2 Utility 5 | . 3 6 6 Weapon 2 | 1 1 3 2 Tool/Special . | . . . . Unused Backups 15 | . 7 . 8 Power 2 | . . . 2 Propulsion 1 | . . . 1 Utility 6 | . 1 . 5 Weapon 6 | . 6 . . Tool/Special . | . . . . Average Slot Usage (%) 98 | . 97 99 97 Engine 13 | . 14 14 13 Treads 27 | . 28 27 28 Storage 14 | . 14 14 14 Protection 12 | . 11 14 13 Ballistic Gun 27 | . 27 28 26 Peak Build Rating 14 | 6 12 12 14 Average Rating 10 | 5 8 11 11 On Entrance 8 | 6 6 11 12 Avg Prop Armor Cover (%) . | . . . . Naked Turns . | . . . . Heaviest Build 38 | 13 38 38 38 Greatest Support 40 | 40 40 40 40 Greatest Overweight (x) 1 | . . 1 1 Average Overweight (x) . | . . . . Largest Inventory Capacity 25 | 8 25 15 15 Average Capacity 13 | 8 11 15 15 Most Carried 15 | 5 15 15 15 Average Carried 11 | 2 9 13 12 Final Capacity 15 | 8 15 15 15 Final Carried 15 | . 14 15 11 Class Distribution -------------------- 100% | Mutant Dominant Class ---------------- Mutant | -10/Materials Mutant | -10/Mines Mutant | -10/Exiles Resources | -11 -10 -10 -10 ----------- Run | Yrd Mat Min Exi Matter Collected 850 | 200 145 287 218 Remotely . | . . . . Salvage Created 794 | . 388 284 122 Parts 49 | . 32 12 5 Haulers Intercepted 2 | . 2 . . Recyclers Shooed 2 | . 2 . . Parts Field Recycled . | . . . . Retrieved Matter . | . . . . Parts Self-Destructed . | . . . . Prevented . | . . . . Parts Restored . | . . . . Kills | -11 -10 -10 -10 ------- Run | Yrd Mat Min Exi Combat Hostiles Destroyed 22 | . 9 5 8 Guns 16 | . 9 5 2 AOE 6 | . . . 6 Classes Destroyed 7 | . 6 . 1 Worker 4 | . 3 1 . Hauler 2 | . 2 . . Recycler 2 | . 1 1 . Watcher 1 | . 1 . . Swarmer 8 | . 8 . . Grunt 5 | . 1 4 . Assembled 7 | . . . 7 Best Kill Streak 7 | . 3 3 7 Combat Bots Only 7 | . 3 2 7 Max Kills in Single Turn 3 | . 3 1 3 Gunslinging 1 | . 1 . . Exploded 3 | . . . 3 Melee . | . . . . Uniques/NPCs Destroyed 2 | . . 1 1 YI-UF0 (-10/Mines) 8R-AWN (-10/Exiles) Combat | -11 -10 -10 -10 -------- Run | Yrd Mat Min Exi Hostile Shots Fired 163 | . 30 30 103 Missed 42 | . 6 11 25 Hits 121 | . 24 19 78 Melee 1 | . . . 1 Projectile 120 | . 24 19 77 AOE 16 | . . 16 . Critical Strikes 28 | . . . 28 Part Disruptions 1 | . . . 1 Damage Taken 1976 | . 157 462 1357 Core 294 | . 8 60 226 Absorbed by Shields . | . . . . Redirected to Shielding 12 | . . . 12 Ignored by Resistances 554 | . 53 127 374 Core Remaining (%) 100 | 100 . . . Volleys Fired 98 | . 29 23 46 Largest 2 | . 2 2 2 Hottest 46 | . 46 46 46 Shots Fired 188 | . 56 46 86 Gun 182 | . 54 46 82 Cannon . | . . . . Launcher 6 | . 2 . 4 Special . | . . . . Kinetic 182 | . 54 46 82 Thermal . | . . . . Explosive 6 | . 2 . 4 Electromagnetic . | . . . . Robot Hit Streak 42 | . 19 8 42 Robot Miss Streak 3 | . 2 3 1 Penetration Max . | . . . . Secondary Targets 3 | . 2 1 . Max Gunslinging Chain 1 | . 1 1 . Shots Hit Robots 146 | . 41 26 79 Core Hits 62 | . 21 12 29 Critical Kills . | . . . . Critical Parts Destroyed . | . . . . Critical Strikes . | . . . . Melee Attacks . | . . . . Impact . | . . . . Slashing . | . . . . Piercing . | . . . . Sneak Attacks . | . . . . Combat Hostiles . | . . . . Follow-up Attacks . | . . . . Damage Inflicted 2596 | . 570 395 1631 Guns 2001 | . 464 395 1142 Cannons . | . . . . Explosions 583 | . 94 . 489 Melee . | . . . . Ramming 12 | . 12 . . Kinetic 2001 | . 464 395 1142 Thermal . | . . . . Explosive 583 | . 94 . 489 Electromagnetic . | . . . . Impact . | . . . . Slashing . | . . . . Piercing . | . . . . Highest Corruption 1 | . 1 1 1 Average Corruption 1 | . 1 1 1 Corruption Purged . | . . . . Corruption Blocked . | . . . . Effects 23 | . 5 15 3 Message Errors 3 | . 1 2 . Matter Fused 3 | . . 3 . Heat Flow Errors 4 | . 3 . 1 Energy Discharges 4 | . . 4 . Data Loss (minor) 3 | . 1 2 . Data Loss (major) 5 | . . 4 1 Weapon Failures 1 | . . . 1 Overload Shots . | . . . . Overflow Damage 1 | . . . 1 Projectiles . | . . . . Explosions 1 | . . . 1 Melee . | . . . . Knockbacks . | . . . . Impact . | . . . . Kinetic . | . . . . Secondary . | . . . . Self-Inflicted Damage 32 | . . . 32 Shots 1 | . . . 1 Rammed 2 | . 1 1 . Targets Rammed 3 | . 2 1 . Kicked . | . . . . Crushed 1 | . 1 . . Highest Temperature 278 | . 278 6 220 Average Temperature 56 | . 52 3 93 Received Heat Transfer 82 | . 12 30 40 Siege Activations . | . . . . Martial Activations . | . . . . Shielding Activations . | . . . . Robots Disrupted . | . . . . Combat Hostiles . | . . . . Robots Corrupted . | . . . . Combat Hostiles . | . . . . Parts Fried . | . . . . Impact Corruptions . | . . . . Robots Melted . | . . . . Combat Hostiles . | . . . . Parts Melted . | . . . . Heat Transferred . | . . . . Parts Sabotaged . | . . . . Parts Stolen . | . . . . Parts Stripped . | . . . . Power Chain Reactions . | . . . . Alert | -11 -10 -10 -10 ------- Run | Yrd Mat Min Exi Maximum Alert Level . | . . . . Low Security (%) 100 | 100 100 100 . Level 1 . | . . . . Level 2 . | . . . . Level 3 . | . . . . Level 4 . | . . . . Level 5 . | . . . . High Security . | . . . . Max Security . | . . . . Peak Influence 96 | . 90 96 . Initial 10 | . . 10 . Average 16 | . 18 15 . Influence Increases 487 | . 326 161 . Destroy 0b10 Robot/C 260 | . 180 80 . Destroy 0b10 Robot/NC 45 | . 35 10 . Destroy Leader 46 | . 26 20 . Successful Hack 28 | . 28 . . Disable Machine 63 | . 27 36 . Lose Combat Pursuer 45 | . 30 15 . Influence Decreases 487 | . 294 193 . Entered New Map 22 | . . 22 . Time Decay 455 | . 294 161 . Lost Part 10 | . . 10 . Squads Dispatched . | . . . . Investigation . | . . . . Extermination . | . . . . Reinforcement . | . . . . Assault . | . . . . Garrison . | . . . . Intercept . | . . . . Searches Triggered . | . . . . Construction Impeded . | . . . . Haulers Reinforced . | . . . . Active Scanning Responses . | . . . . Cargo Convoy Interrupts . | . . . . Stealth | -11 -10 -10 -10 --------- Run | Yrd Mat Min Exi Distress Signals 1 | . 1 . . Communications Jammed . | . . . . Distress Signals . | . . . . Times Spotted 32 | . 17 6 9 Peak Tracking Total 9 | . 4 2 9 Tactical Retreats 2 | . 1 1 . Traps | -11 -10 -10 -10 ------- Run | Yrd Mat Min Exi Traps Triggered 2 | . 2 . . Indirectly . | . . . . Trap Hack Attempts . | . . . . Triggered . | . . . . Disarmed . | . . . . Reprogrammed . | . . . . Reused . | . . . . Traps Extracted . | . . . . Installed . | . . . . Triggered . | . . . . Machines | -11 -10 -10 -10 ---------- Run | Yrd Mat Min Exi Machines Disabled 10 | . 3 4 3 Max in Single Turn 2 | . 2 1 2 Machines Repaired . | . . . . Machines Dismantled . | . . . . Machines Sabotaged . | . . . . Overloaded Fab Kills . | . . . . Hacking | -11 -10 -10 -10 --------- Run | Yrd Mat Min Exi Machines Accessed 8 | . 8 . . Terminals 8 | . 8 . . Fabricators . | . . . . Repair Stations . | . . . . Recycling Units . | . . . . Scanalyzers . | . . . . Garrison Access . | . . . . Total Hacks 26 | . 26 . . Successful 17 | . 17 . . Failed 8 | . 8 . . Catastrophic . | . . . . Database Lockouts 1 | . 1 . . Manual 19 | . 19 . . Terminals 26 | . 26 . . Fabricators . | . . . . Repair Stations . | . . . . Recycling Units . | . . . . Scanalyzers . | . . . . Garrison Access . | . . . . Terminal Hacks 7 | . 7 . . Robot Schematic 1 | . 1 . . Robot Analysis 2 | . 2 . . Prototype ID Bank 2 | . 2 . . Terminal Index 1 | . 1 . . Zone Layout 1 | . 1 . . Fabricator Hacks . | . . . . Repair Station Hacks . | . . . . Recycling Unit Hacks . | . . . . Scanalyzer . | . . . . Garrison Access Hacks . | . . . . Unauthorized Hacks 10 | . 10 . . Terminals 10 | . 10 . . Botnet 2 | . 2 . . Skim 8 | . 8 . . Fabricators . | . . . . Repair Stations . | . . . . Recycling Units . | . . . . Scanalyzers . | . . . . Garrison Access . | . . . . Data Cores Recovered . | . . . . Used . | . . . . Hacking Detections 5 | . 5 . . Full Trace Events . | . . . . Feedback Events . | . . . . Feedback Blocked . | . . . . Robot Schematics Acquired 1 | . 1 . . Robots Built . | . . . . Authchips . | . . . . Time . | . . . . Total Robot Build Rating . | . . . . Part Schematics Acquired . | . . . . Parts Built . | . . . . Authchips . | . . . . Time . | . . . . Total Part Build Rating . | . . . . Part Studies Acquired . | . . . . Parts Repaired . | . . . . Time . | . . . . Parts Recycled . | . . . . Recycled Matter . | . . . . Retrieved Matter . | . . . . Retrieved Components . | . . . . Parts Scanalyzed . | . . . . Part Schematics Acquired . | . . . . Parts Damaged . | . . . . Bothacking | -11 -10 -10 -10 ------------ Run | Yrd Mat Min Exi Used RIF Installer . | . . . . Robots Hacked . | . . . . Non-combat . | . . . . Combat . | . . . . Robot Hacks Applied . | . . . . Relay Couplers Released . | . . . . Fabnet Peak Effective % . | . . . . Robots Rewired . | . . . . Allies Hacked . | . . . . Hacks Repelled . | . . . . Allies | -11 -10 -10 -10 -------- Run | Yrd Mat Min Exi Total Allies . | . . . . Largest Group . | . . . . Highest-Rated Group . | . . . . Highest-Rated Ally . | . . . . Total Orders . | . . . . Ally Attacks . | . . . . Total Damage . | . . . . Kills . | . . . . Allies Corrupted . | . . . . Allies Melted . | . . . . Intel | -11 -10 -10 -10 ------- Run | Yrd Mat Min Exi Active Infowar (turns) . | . . . . Robot Analysis Total 2 | . 2 . . Derelict Logs Recovered 1 | . . 1 . Drone Launches . | . . . . Drone Recoveries . | . . . . Exploration | -11 -10 -10 -10 ------------- Run | Yrd Mat Min Exi Turns Passed 2496 | 6 1086 1060 344 Spaces Moved 1309 | 1 595 595 118 Core . | . . . . Treads 1309 | 1 595 595 118 Legs . | . . . . Wheels . | . . . . Hover . | . . . . Flight . | . . . . Fastest Speed 160 | 160 160 160 160 Average Speed 160 | 160 160 160 161 Slowest Speed 240 | 160 160 240 240 Overloaded Moves . | . . . . Propulsion Burnouts . | . . . . Robots Hopped . | . . . . Potential Cave-ins . | . . . . Cave-ins Triggered . | . . . . Exploration Rate (%) 47 | 2 80 77 32 Regions Visited 3 Branch Regions 2 Pre-discovered Areas 2 | . 2 . . Known Exits Taken . | . . . . Unknown Exits Taken 3 | 1 1 1 . Scrap Searched 1 | . . 1 . Spaces Dug . | . . . . Terrain Destroyed 15 | . . . 15 Melee . | . . . . Projectile . | . . . . AOE 15 | . . . 15 Terrain Rammed . | . . . . Walls Destroyed . | . . . . Machines Disabled . | . . . . Actions | -11 -10 -10 -10 --------- Run | Yrd Mat Min Exi Total 1527 | 8 682 653 184 Wait 51 | . 19 31 1 Move 1306 | . 594 594 118 Hop . | . . . . Pick Up 27 | . 19 2 6 Fast Attach 1 | . 1 . . Attach 14 | 2 2 1 9 Detach . | . . . . Swap 11 | . 7 1 3 Drop 16 | 6 9 . 1 Fire 98 | . 29 23 46 Melee . | . . . . Ram . | . . . . Kick . | . . . . Crush 3 | . 2 1 . Escape Stasis . | . . . . Rewire . | . . . . Trap . | . . . . Miscellaneous . | . . . . Route ------- -11/Scrapyard -10/Materials (discovered 5 exits: *Mat x3 / [*Min] / Sub) -10/Mines (discovered 4 exits: *Mat x2 / [*Exi] / *Sub) -10/Exiles (discovered 1 exit: [*Min]) History --------- Turn | Location | Event 7 | -11/Scrapyard | Discovered new exit (range 0) 7 | -11/Scrapyard | Entered Materials 109 | -10/Materials | Discovered new exit (range 8) 145 | -10/Materials | Discovered new exit (range 15) 307 | -10/Materials | Build established: Mutant 374 | -10/Materials | Discovered new exit (range 13) 547 | -10/Materials | Identified exit to Materials 547 | -10/Materials | Identified exit to Subcaves 547 | -10/Materials | Learned location of 1 exit from Materials 585 | -10/Materials | Learned location of Mines (-10) 612 | -10/Materials | Learned Storage stockpile data 627 | -10/Materials | Learned 2 Storage zone layouts 716 | -10/Materials | Central database locked down 1093 | -10/Materials | Entered Mines 1202 | -10/Mines | Discovered exit to Materials (range 7) 1246 | -10/Mines | Learned Materials security intel 1290 | -10/Mines | Received a Rocket Launcher from a helpful Derelict 1374 | -10/Mines | Destroyed YI-UF0 1588 | -10/Mines | Discovered exit to Materials (range 5) 1660 | -10/Mines | Discovered exit to Subcaves (range 6) 2147 | -10/Mines | Deemed a non-threat by the Exiles lab entrance 2147 | -10/Mines | Discovered new exit (range 5) 2153 | -10/Mines | Entered Exiles 2189 | -10/Exiles | Discovered new exit (range 15) 2240 | -10/Exiles | Met 8R-AWN 2265 | -10/Exiles | Met EX-HEX 2276 | -10/Exiles | Attacked by the Exiles 2308 | -10/Exiles | Destroyed 7 combat bots 2332 | -10/Exiles | Core integrity fell below 50% 2370 | -10/Exiles | Lost 5 parts (1p1n2u1w) 2402 | -10/Exiles | Core integrity fell below 20% 2414 | -10/Exiles | Destroyed 8R-AWN 2426 | -10/Exiles | Found Prototype Device 2430 | -10/Exiles | Found Prototype Processor 2497 | -10/Exiles | Destroyed by DAS Turret with DAS Cannon Last Messages --------------- 02397_ Penetrated by HV Slug. 02397_ Critical hit (Destroy). 02397_ Penetrated by HV Slug. 02402_ System corrupted: Hvy. Assault Rifle jammed. 02405_ Penetrated by HV Slug. 02413_ HV Slug penetrates Wall. 02413_ Penetrated by HV Slug. 02414_ 8R-AWN destroyed. 02415_ Wall collapses. 02417_ Acquired 1 matter. 02420_ Acquired Med. Matter Pod. 02426_ Acquired Prototype Device. 02427_ Acquired 117 matter. 02430_ Acquired Prototype Processor. 02433_ Acquired Adv. Weapon Cycler. 02437_ Acquired Prototype Leg. 02441_ Acquired Rnf. Fission Core. 02481_ Med. Armor Plating destroyed. 02489_ Hvy. Assault Rifle destroyed. 02491_ Lgt. Treads destroyed. Map ----- +----------------------------------------------------+ | ?????????????????????????????????????????????????? | | ?????????????????????????????????????????????????? | | ?????????????????????????????????????????????????? | | ?????????????????????????????????????????????????? | | ?????????????????????????????????????????????????? | | ?????????????????????????????????????????????????? | | ?????????????????????????????????????????????????? | | ?????????????????????????????????????????????????? | | ????????????????????????????????????????##?"??"""? | | ?????????????????????????????????????? " """ "" | | ???????????????????????????????????? "" " | | ??????????????????????????????????? " | | ?????????????????????????????????? | | ?????????????????????????????????? | | ?????????????? ??????????????????? | | ?????????????? ??????????????????? | | ????????????? ????????????????? | | ????????????? ?????????????????""" | | ???????????? ????????????????#""" | | ???????????? "???????????????#"""" | | ???????????? "?????????????##"" | | ??????????? ##?#####??#### | | ??????????? ##aaa####""" | | ??????????t """" | | ?????????? % % | | ??????????" @ % % | | ?????????? | | ?????????? %" "" " | | ???????????" ""## ##" """ | | ??????????? ""#### #####" "" " " | | ???????????? """"##??# #???####"" ## | | ???????????? """#???# #??????##""#### | | ???????????? ""##???! ???????####??### | | ????????????? """#????#" ??????????????? | | ????????????? ???????#" ??????????????? | | ??????????????" ??????????!!""!"?????????????? | | ?????????????? ????????????######?????????????? | | ????????????????#????????????????????????????????? | | ?????????????????????????????????????????????????? | | ?????????????????????????????????????????????????? | | ?????????????????????????????????????????????????? | | ?????????????????????????????????????????????????? | | ?????????????????????????????????????????????????? | | ?????????????????????????????????????????????????? | | ?????????????????????????????????????????????????? | | ?????????????????????????????????????????????????? | | ?????????????????????????????????????????????????? | | ?????????????????????????????????????????????????? | | ?????????????????????????????????????????????????? | | ?????????????????????????????????????????????????? | +----------------------------------------------------+ Best States ------------- Heat Dissipation 25 Energy Generation 10 Energy Capacity 250 Matter Stores 300 Matter Capacity 300 Sight Range 16 Terrain Scan Density 10 Armor Coverage 225 Resistance: KI 20 Resistance: TH 20 Resistance: EX 20 Resistance: EM 20 Resistance: I 20 Resistance: S 20 Resistance: P 20 Evasion (%) 40 Recoil Reduction 2 Offensive Hacking 10 Item Schematics ----------------- None Robot Schematics ------------------ G-34 Mercenary | -10/Materials | Hacked Fabricated ------------ Nothing Repaired ---------- Nothing Studied --------- None Alien Tech Used ----------------- None Achievements -------------- None Challenges ------------ None Game ------ Seed ComponentSkeletonFilter Manual? 0 Play Time 00:15:04 Cumulative 511.7 hours Start 2026.03.18 @ 02:51:45 End 2026.03.18 @ 03:12:22 Sessions 1 Manual Loads 0 Difficulty Adventurer Special Mode None Game No. 363 Rogue 63 Adventurer 274 Explorer 26 Win Type - Total 2 Types 2/0/0/0/0/0/0/0/0/0 Lore% 84 Gallery% 72 Achievement% 53 Wizard Run 0 Options --------- Layout 2 ASCII 0 Keyboard 0 Movement Mouse Keybinds 0 Fullscreen 0 Font 16/Cog Map View 64x51 Zoom Use 0% Tactical HUD 1 Map Filters NONE Filters BRIGHTNESS(115)|SATURATION(100)|LOW_CONTRAST(0,16,30) Steam 1 RUN: 8cd2ea36-ddee-4031-ab35-4e3f3233b692